 Dungeon Crawl Stone Soup version 0.27-a0-789-g6bb3289e1e (webtiles) character file.

Game seed: 11836248073511082123

13048 rageheart7 the Devastator (level 12, -2/64 HPs)
             Began as a Tengu Conjurer on Mar 26, 2021.
             Slain by a manticore (21 damage)
             ... on level 11 of the Dungeon.
             The game lasted 00:42:50 (16493 turns).

rageheart7 the Devastator (Tengu Conjurer)         Turns: 16493, Time: 00:42:51

Health: -2/64      AC: 11    Str:  9    XL:     12   Next: 1%
Magic:  1/29       EV: 14    Int: 27    God:
Gold:   649        SH:  0    Dex: 10    Spells: 23/35 levels left

rFire    . . .     SeeInvis +   q - staff of conjuration
rCold    . . .     Faith    .   (no shield)
rNeg     + . .     Spirit   .   k - +2 robe {rN+}
rPois    .         Reflect  .   (helmet restricted)
rElec    .         Harm     .   b - +1 cloak
rCorr    .         Rampage  .   g - +0 pair of gloves
Will     .....                  (boots unavailable)
Stlth    ++........             (no amulet)
HPRegen  0.20/turn              l - +4 ring of protection
MPRegen  0.21/turn              r - +6 ring of intelligence

@: about to teleport, spiked, flying quickly and evasively, quick
A: beak, talons 3, able to fly, see invisible, clumsy 1, dopey 1, sense
surroundings 1
a: Stop Flying


You were on level 11 of the Dungeon.
You visited 1 branch of the dungeon, and saw 11 of its levels.
You also visited: Bailey.

You collected 649 gold pieces.

Inventory:

Hand Weapons
 v - a +3 whip of electrocution
Armour
 b - a +1 cloak (worn)
 g - a +0 pair of gloves (worn)
 k - a +2 robe of positive energy (worn)
 w - +0 steam dragon scales
 B - +0 acid dragon scales
Magical Staves
 q - a staff of conjuration (weapon)
 t - a staff of fire
Jewellery
 f - a ring of poison resistance
 l - a +4 ring of protection (right hand)
 r - a +6 ring of intelligence (left hand)
 z - a +4 ring of protection
Wands
 d - a wand of iceblast (3)
 e - a wand of acid (4)
 j - a wand of digging (2)
 n - a wand of flame (28)
 x - a wand of random effects (15)
Scrolls
 c - 2 scrolls of amnesia
 m - a scroll of enchant armour
 o - a scroll of teleportation
 s - 3 scrolls of silence
 u - a scroll of summoning
 y - 2 scrolls of enchant weapon
 D - a scroll of immolation
 E - 2 scrolls of identify
Potions
 a - 2 potions of lignification
 h - 2 potions of flight
 i - a potion of magic
 p - a potion of ambrosia
 A - a potion of resistance


   Skills:
 * Level 3.0 Fighting
 - Level 2.1 Dodging
 - Level 2.0 Stealth
 - Level 12.0 Spellcasting
 - Level 15.0 Conjurations
 - Level 0.8 Translocations
 * Level 7.2 Fire Magic
 - Level 0.5 Evocations


You had 23 spell levels left.
You knew the following spells:

 Your Spells              Type           Power      Damage    Failure   Level
a - Magic Dart            Conj           100%       1d8       0%          1
b - Searing Ray           Conj           100%       3d7       0%          2
c - Iskenderun's Mystic   Conj/Tloc      73%        2d15      1%          4
d - Fireball              Conj/Fire      42%        3d17      1%          5

Your spell library contained the following spells:

 Spells                   Type           Power      Damage    Failure   Level
 Foxfire                  Conj/Fire      100%       2x1d9     1%          1
 Conjure Flame            Conj/Fire      85%        6-21      1%          3
 Dazzling Flash           Conj/Hex       100%       N/A       1%          3
 Fulminant Prism          Conj/Hex       35%        3d18      1%          4
 Sticky Flame             Conj/Fire      85%        2d10      1%          4
 Inner Flame              Hex/Fire       35%        N/A       2%          3
 Animate Skeleton         Necr           32%        N/A       3%          1
 Beastly Appendage        Tmut           32%        N/A       3%          1
 Corona                   Hex            17%        N/A       3%          1
 Pain                     Necr           64%        1d7       3%          1
 Ensorcelled Hibernation  Hex/Ice        32%        N/A       5%          2
 Wereblood                Tmut           16%        N/A       5%          2
 Confusing Touch          Hex            16%        N/A       11%         3
 Spider Form              Tmut/Pois      8%         N/A       11%         3
 Tukima's Dance           Hex            16%        N/A       11%         3
 Vampiric Draining        Necr           8%         2d7       11%         3
 Animate Dead             Necr           8%         N/A       34%         4
 Ice Form                 Ice/Tmut       16%        N/A       34%         4
 Agony                    Necr           16%        N/A       67%         5
 Blade Hands              Tmut           8%         N/A       67%         5


Dungeon Overview and Level Annotations

Branches:
Dungeon (11/15)            Temple (0/1) D:4            Lair (0/6) D:10
    Orc (0/2) D:10         Bailey (visited)

Altars:
Zin

Shops:
D:11 *

Annotations:
D:3 3 runed translucent doors, Zeld's ghost, amateur HuCj
D:4 2 transporters, exclusion: oklob sapling


Innate Abilities, Weirdness & Mutations

You have a beak for a mouth.
You have claws for feet.
You can fly continuously.
You have supernaturally acute eyesight. (SInv)
You are clumsy. (Dex -2)
You are dopey. (Int -2)
You passively map a small area around you.


Message History

Confirm with . or Enter, or press ? or * to list all spells.
Aiming: Fireball (dangerous; 1% risk of failure)
Press: ? - help, Shift-Dir - straight line You feel a surge of power!
The fireball explodes!
The fireball engulfs the orc!!
You kill the orc!
The fireball engulfs the manticore!!
The manticore is moderately wounded.
The orc wizard hits you but does no damage.
The orc hits you with a +0 hand axe.
* * * LOW HITPOINT WARNING * * *
Casting: Fireball (dangerous; 1% risk of failure)
Confirm with . or Enter, or press ? or * to list all spells.
Aiming: Fireball (dangerous; 1% risk of failure)
Press: ? - help, Shift-Dir - straight line
Okay, then.
Casting: Fireball (dangerous; 1% risk of failure)
Confirm with . or Enter, or press ? or * to list all spells.
You feel a surge of power!
You erupt in a blast of force!
The mystic blast hits the manticore but does no damage.
The manticore is moderately wounded.
The mystic blast hits the orc wizard.
The orc wizard is heavily wounded.
The orc wizard is knocked back by the mystic blast.
The orc wizard slams into the rock wall!
The mystic blast hits the orc!!
You kill the orc!
Casting: Iskenderun's Mystic Blast (dangerous; 1% risk of failure)
Confirm with . or Enter, or press ? or * to list all spells.
You don't have enough magic to cast this spell.
Unknown command.
Casting: Iskenderun's Mystic Blast (dangerous; 1% risk of failure)
Confirm with . or Enter, or press ? or * to list all spells.
Aiming: Magic Dart (safe; 0% risk of failure)
Press: ? - help, Shift-Dir - straight line, f - orc wizard
Aim: an orc wizard, wielding a +0 dagger and wearing a +0 robe (almost dead, 0% to evade)
You feel a surge of power!
The magic dart hits the orc wizard.
You kill the orc wizard!
The manticore bites you!!
You die...

* ########
#.)....# *
#..@H..#*
#.....)..+
,*,
#.#..)$..#
* #
######## *
*, , ,* ,
* * * ,* *
* * * ,


You could see a manticore.

Vanquished Creatures
  Sonja (D:10)
  2 orc knights (Bailey)
  Pikel (D:6)
  An oklob plant (D:10)
  A cyclops (D:11)
  Maggie (D:8)
  Psyche (D:8)
  2 hellwings
  3 trolls (D:11)
  Prince Ribbit (D:9)
  Grinder (D:4)
  8 yaks
  Grum (D:10)
  A steam dragon (D:7)
  An acid dragon (D:9)
  A water moccasin (D:9)
  Duvessa (D:4)
  5 orc warriors (Bailey)
  An ice beast (D:5)
  A black bear (D:4)
  2 ogres
  2 wolves (D:10)
  2 necrophages
  3 centaurs
  2 lemures (D:6)
  A phantom (D:4)
  5 kobold brigands
  Blork the orc (D:4)
  2 bullfrogs
  A gnoll sergeant (D:10)
  2 water moccasin zombies
  Dowan (D:4)
  2 water moccasin skeletons
  12 killer bees
  3 howler monkeys
  2 bullfrog zombies (D:5)
  7 centaur zombies
  3 centaur skeletons
  2 orc priests
  5 bullfrog skeletons
  5 hounds
  2 jellies
  Terence (D:2)
  4 orc wizards
  5 iguanas
  A hound zombie (D:5)
  2 hound skeletons (D:4)
  A howler monkey zombie (D:6)
  10 adders
  8 gnolls
  5 shadow imps (D:10)
  3 white imps
  An ufetubus (D:4)
  2 adder skeletons
  3 worms
  A dart slug (D:1)
  29 orcs
  5 ball pythons
  6 bats
  7 endoplasms
  2 giant cockroaches
  5 goblins
  5 hobgoblins
  10 jackals (D:1)
  35 kobolds
  2 quokkas
  4 frilled lizards
  A quokka skeleton (D:4)
  4 rats
264 creatures vanquished.

Vanquished Creatures (others)
  4 plants (D:10)
  A withered plant (D:10)
5 creatures vanquished.

Grand Total: 269 creatures vanquished

Notes
Turn   | Place    | Note
-------+----------+-------------------------------------------
     0 | D:1      | rageheart7 the Tengu Conjurer began the quest for the Orb.
     0 | D:1      | Reached XP level 1. HP: 10/10 MP: 4/4
   134 | D:1      | Reached XP level 2. HP: 12/15 MP: 0/6
   239 | D:1      | Reached skill level 6 in Conjurations
   812 | D:1      | Reached XP level 3. HP: 19/19 MP: 4/7
  1347 | D:2      | Learned a level 2 spell: Searing Ray
  1889 | D:2      | Reached XP level 4. HP: 24/24 MP: 3/8
  1941 | D:2      | Reached skill level 7 in Conjurations
  2520 | D:2      | Noticed Terence
  2524 | D:2      | Killed Terence
  3102 | D:3      | Gained mutation: You can fly continuously. [Tengu growth]
  3102 | D:3      | Reached XP level 5. HP: 24/28 MP: 3/10
  3711 | D:3      | Noticed Zeld's ghost (amateur HuCj)
  3719 | D:3      | Found a runed translucent gate.
  3719 | D:3      | Found a runed translucent gate.
  3721 | D:3      | Found a runed translucent gate.
  3872 | D:3      | Reached skill level 8 in Conjurations
  4128 | D:4      | Reached XP level 6. HP: 31/32 MP: 3/12
  4241 | D:4      | Noticed Duvessa
  4251 | D:4      | Killed Duvessa
  4251 | D:4      | Noticed Dowan
  4307 | D:4      | Killed Dowan
  4555 | D:4      | Noticed Blork the orc
  4573 | D:4      | Killed Blork the orc
  4574 | D:4      | Reached skill level 9 in Conjurations
  4574 | D:4      | Reached XP level 7. HP: 13/36 MP: 9/14
  4773 | D:4      | Learned a level 4 spell: Iskenderun's Mystic Blast
  4857 | D:4      | Found a transporter.
  5024 | D:4      | Found a transporter.
  5053 | D:4      | Reached skill level 5 in Spellcasting
  5171 | D:4      | Reached skill level 10 in Conjurations
  5180 | D:4      | Reached XP level 8. HP: 8/41 MP: 0/17
  5659 | D:4      | Noticed Grinder
  5670 | D:4      | Killed Grinder
  6130 | D:4      | Found a staircase to the Ecumenical Temple.
  6185 | D:5      | Entered Level 5 of the Dungeon
  6239 | D:5      | Reached skill level 11 in Conjurations
  6830 | D:5      | Reached XP level 9. HP: 33/45 MP: 20/20
  7436 | D:6      | Reached skill level 12 in Conjurations
  8567 | D:6      | Noticed Pikel
  8594 | D:6      | Killed Pikel
  8906 | D:6      | Gained mutation: You are dopey. (Int -2) [potion of
                  | mutation]
  8906 | D:6      | Gained mutation: You passively map a small area around you.
                  | [potion of mutation]
  8906 | D:6      | Gained mutation: You are clumsy. (Dex -2) [potion of
                  | mutation]
  8906 | D:6      | Gained mutation: You have supernaturally acute eyesight.
                  | (SInv) [potion of mutation]
  9052 | D:7      | Reached skill level 13 in Conjurations
  9447 | D:7      | Reached skill level 1 in Fighting
 10014 | D:8      | Found a glowing silver altar of Zin.
 10074 | D:8      | Found a flagged portal.
 10212 | D:8      | Noticed Psyche
 10216 | D:8      | Killed Psyche
 10217 | D:8      | Reached XP level 10. HP: 41/52 MP: 17/24
 10481 | Bailey   | Entered a bailey
 10776 | Bailey   | Noticed an orc knight
 10801 | Bailey   | Learned a level 5 spell: Fireball
 10845 | Bailey   | Noticed an orc knight
 11066 | Bailey   | Killed an orc knight
 11067 | Bailey   | Reached skill level 14 in Conjurations
 11067 | Bailey   | Reached skill level 1 in Fire Magic
 11071 | Bailey   | Killed an orc knight
 11998 | D:8      | Noticed Maggie
 12008 | D:8      | Killed Maggie
 12507 | D:9      | Reached skill level 10 in Spellcasting
 12581 | D:9      | Noticed Prince Ribbit
 12583 | D:9      | Killed Prince Ribbit
 13236 | D:9      | Reached XP level 11. HP: 28/57 MP: 9/26
 13982 | D:10     | Entered Level 10 of the Dungeon
 13987 | D:10     | Reached skill level 15 in Conjurations
 14478 | D:10     | Reached skill level 5 in Fire Magic
 14855 | D:10     | Noticed an oklob plant
 14859 | D:10     | Found a staircase to the Lair.
 14896 | D:10     | Noticed Grum
 14900 | D:10     | Killed Grum
 15017 | D:10     | Noticed Sonja
 15037 | D:10     | Killed Sonja
 15242 | D:10     | Found a staircase to the Orcish Mines.
 15725 | D:10     | Killed an oklob plant
 16122 | D:11     | Found Vojas's Assorted Antiques.
 16243 | D:11     | Noticed a boulder beetle
 16244 | D:11     | Noticed a cyclops
 16247 | D:11     | Killed a cyclops
 16473 | D:11     | Reached XP level 12. HP: 64/64 MP: 18/29
 16493 | D:11     | Slain by a manticore

Illustrated notes

Levels and vault maps discovered:
D:1:      minmay_arrival_plants_in_alcoves, layout_basic
D:2:      layout_basic, uniq_terence
D:3:      layout_basic, gammafunk_ghost_split
D:4:      gammafunk_cloud_chamber, layout_loops_ring, minmay_temple_entry_oklob,
          nrook_uturn, uniq_blork_the_orc, uniq_sigmund, uniq_grinder,
          uniq_duvessa
D:5:      layout_basic
D:6:      layout_basic, minmay_misc_feat_room, dk_vineyard_1, uniq_pikel
D:7:      layout_gridville
D:8:      layout_basic, zin_statuary, enter_bailey_8, uniq_psyche, uniq_maggie
D:9:      layout_basic, uniq_prince_ribbit1
D:10:     cheibrodos_grave_circle, layout_long_grid, dpeg_oklobed_lair,
          orc_0_dummy, uniq_sonja, uniq_grum
D:11:     layout_basic, serial_shops, shop

Skill      XL: |  1  2  3  4  5  6  7  8  9 10 11 12 |
---------------+-------------------------------------+-----
Conjurations   | 6 7 8 9 10 11 13 14 15 | 15.0
Spellcasting   | 3 4 5 7 9 10 12 | 12.0
Fighting       | 1 2 3 |  3.0
Fire Magic     | 2 7 |  7.2
Dodging        | |  2.1
Stealth        | |  2.0
Translocations | |  0.8
Evocations     | |  0.5

Action                   |  1- 3 |  4- 6 |  7- 9 | 10-12 || total
-------------------------+-------+-------+-------+-------++-------
Melee: Unarmed           |    23 |       |       |       ||    23
       Kick              |     5 |       |    12 |     2 ||    19
       Quarterstaff      |       |     5 |    44 |       ||    49
       Peck              |       |       |    12 |     3 ||    15
       Whip              |       |       |    25 |     9 ||    34
       Staff             |       |       |       |    23 ||    23
 Cast: Magic Dart        |    72 |    86 |   160 |    92 ||   410
       Searing Ray       |       |    12 |    37 |    41 ||    90
       Fireball          |       |       |       |    51 ||    51
       Iskenderun's Myst |       |       |       |    10 ||    10
 Abil: Fly               |       |       |       |     1 ||     1
Evoke: Wand              |       |       |       |    12 ||    12
  Use: Potion            |       |     1 |    10 |     3 ||    14
       Scroll            |       |       |    13 |    10 ||    23
 Stab: Sleeping          |       |     2 |     1 |       ||     3
Armor: Robe              |    14 |     2 |    25 |    67 ||   108
       Skin              |       |       |       |    28 ||    28
Dodge: Dodged            |    32 |    15 |   115 |   101 ||   263

Table legend: (Time is in decaauts)
 A = Elapsed time spent in this place.
 B = Non-inter-level travel time spent in this place.
 C = Inter-level travel time spent in this place.
 D = Time resting spent in this place.
 E = Time spent auto-exploring this place.
 F = Levels seen in this place.
 G = Mean time per level.
                   A        B        C        D        E       F      G
               +--------+--------+--------+--------+--------+-----+--------+
         Total |  16225 |  15853 |    372 |   1066 |  12884 |  12 | 1352.1 |
       Dungeon |  15214 |  14842 |    372 |    891 |  12228 |  11 | 1383.1 |
        Bailey |   1011 |   1011 |      0 |    175 |    656 |   1 | 1011.0 |
               +--------+--------+--------+--------+--------+-----+--------+

Top non-repeatable levels by time:
     D:4: 2139 daAuts
     D:9: 1698 daAuts
     D:2: 1643 daAuts
     D:6: 1592 daAuts
    D:10: 1500 daAuts
     D:8: 1388 daAuts
     D:1: 1338 daAuts
     D:5: 1151 daAuts
     D:7: 1087 daAuts
     D:3: 1066 daAuts
  Bailey: 1011 daAuts
    D:11: 607 daAuts
